Blues vs BlackHawks

Created - 5 décembre 2020 at 20:19

Goals
1 2 3 T
Blues 0 1 1 2
BlackHawks 0 0 1 1
Shots
1 2 3 T
Blues 5 5 7 17
BlackHawks 11 10 10 31

1st period

No Goal

Penalties :
Anthony Mantha (STL) for Interference (Minor) at 5:31, Brandon Carlo (CHI) for Hooking (Minor) at 17:21

2nd period

1. Blues , Johnny Gaudreau 5 (Seth Jones 10, Christian Dvorak 9) at 11:18

Penalties :
Jack Eichel (STL) for Goalie Interference (Minor) at 13:49, Dougie Hamilton (STL) for Elbowing (Minor) at 18:57

3rd period

2. BlackHawks , Phillip Danault 3 (Jake Virtanen 5, Justin Faulk 5) at 11:13
3. Blues , Seth Jones 5 (Jack Eichel 17, Christian Dvorak 10) at 16:02 (PP)

Penalties :
Lawson Crouse (CHI) for Hooking (Minor) at 15:08, Brandon Carlo (CHI) for Tripping (Minor) at 17:59

Goalie Stats

Carter Hart (STL), 30 saves from 31 shots - (0,968), W, 11-6-2, 60:00 minutes
Jacob Markstrom (CHI), 15 saves from 17 shots - (0,882), L, 10-7-1, 60:00 minutes

Players Stats for Blues

Player Name              G  A  P  +/- PIM S  H  SB GA TA FO     MP     PP MP  PK MP  
------------------------------------------------------------------------------------
Andrew Copp              0  0  0   0  0   0  0  0  0  0  3/8    11:40   0:56   4:13 
Anthony Mantha           0  0  0   0  2   1  1  0  0  0  0/0    13:20   2:21   0:00 
Christian Dvorak         0  2  2   0  0   1  1  0  0  0  9/17   17:59   2:15   0:00 
Colin Miller             0  0  0   0  0   0  0  3  0  0  0/0    16:05   0:00   3:31 
Dougie Hamilton          0  0  0   0  2   3  0  3  0  0  0/0    23:00   2:31   1:58 
Jack Eichel              0  1  1   0  2   2  1  0  0  0  8/18   18:39   2:45   0:00 
Johnny Gaudreau          1  0  1   0  0   1  0  0  0  0  2/3    17:51   2:07   0:00 
Jordan Staal             0  0  0   0  0   1  3  0  0  0  10/22  14:19   0:00   3:18 
Josh Bailey              0  0  0   0  0   2  0  0  0  0  2/3    17:37   1:41   0:00 
MacKenzie Weegar         0  0  0   0  0   0  0  3  0  0  0/0    13:36   0:00   1:02 
Martin Necas             0  0  0   0  0   0  0  0  0  0  0/0    11:00   0:00   0:00 
Michael Chaput           0  0  0   0  0   0  1  0  0  0  0/1     8:15   0:00   1:44 
Mikko Rantanen           0  0  0   0  0   2  1  0  0  0  0/0    18:40   2:45   0:00 
P.K. Subban              0  0  0   0  0   0  3  1  0  0  0/0    20:32   0:00   2:26 
Ryan Pulock              0  0  0   0  0   0  0  2  0  0  0/0    20:37   2:31   0:00 
Sean Couturier           0  0  0   0  0   2  2  0  0  0  3/6    18:47   2:07   0:55 
Seth Jones               1  1  2   0  0   2  2  1  0  0  0/0    23:48   2:21   2:57 
Trevor Lewis             0  0  0   0  0   0  0  0  0  0  0/0     8:15   0:00   1:44 

Players Stats for BlackHawks

Player Name              G  A  P  +/- PIM S  H  SB GA TA FO     MP     PP MP  PK MP  
------------------------------------------------------------------------------------
Anze Kopitar             0  0  0  -1  0   5  2  0  0  0  20/34  24:45   3:12   3:10 
Ben Hutton               0  0  0   0  0   0  1  1  0  0  0/0     5:12   0:00   1:12 
Brandon Carlo            0  0  0   1  4   0  1  3  0  0  0/0    19:44   3:02   0:28 
Curtis Lazar             0  0  0   0  0   0  0  0  0  0  0/1    14:22   0:00   0:00 
Erik Johnson             0  0  0   0  0   0  1  1  0  0  0/0    21:57   2:55   1:21 
Ivan Barbashev           0  0  0  -1  0   0  0  0  0  0  0/0     4:48   0:00   0:00 
Jaden Schwartz           0  0  0   0  0   2  1  0  0  0  0/1    18:35   3:12   0:56 
Jake Virtanen            0  1  1   1  0   3  0  1  0  0  0/1    18:19   2:45   0:00 
Jared McCann             0  0  0  -1  0   0  0  0  0  0  3/6     6:02   0:00   1:14 
John Marino              0  0  0  -1  0   2  0  1  0  0  0/0    13:47   0:00   2:33 
Johnny Boychuk           0  0  0  -1  0   0  2  1  0  0  0/0    11:26   0:00   0:12 
Justin Faulk             0  1  1   1  0   2  0  3  0  0  0/0    21:55   3:02   2:37 
Kyle Palmieri            0  0  0   0  0   3  2  0  0  0  0/0    18:35   3:12   0:56 
Lawson Crouse            0  0  0   0  2   1  2  0  0  0  0/0    14:21   0:00   0:00 
Phil Kessel              0  0  0   1  0   4  1  0  0  0  1/1    18:19   2:45   0:00 
Phillip Danault          1  0  1   1  0   4  4  1  0  0  10/22  21:47   2:45   3:28 
Ryan Ellis               0  0  0   0  0   2  1  2  0  0  0/0    25:57   2:55   1:21 
Scott Laughton           0  0  0   0  0   3  0  0  0  0  7/12   15:14   0:00   0:00 

3 Stars

1 - Carter Hart (STL)
2 - Seth Jones (STL)
3 - Phillip Danault (CHI)

Power Play

Blues - 1 on 3 Attempt(s) - 33,33%
BlackHawks - 0 on 3 Attempt(s) - 0,00%

Penalty Kill

Blues - 3 on 3 Attempt(s) - 100,00% - Score 0 goal in Penalty Kill
BlackHawks - 2 on 3 Attempt(s) - 66,67% - Score 0 goal in Penalty Kill

Team Stat

Blues - Hits : 15 - Faceoff Wins : 37 - Blocked Shots : 13 - Penalty Minutes : 6
BlackHawks - Hits : 18 - Faceoff Wins : 41 - Blocked Shots : 14 - Penalty Minutes : 6

Official

Referees : Mike Sheehan and Brandon Blandina
Linesman : Brad Kovachik and Scott Driscoll

Game Notes

No Game Note

Finance

Level 1 -- Attendance: 2687 (41,34%) -- Ticket Income 671 750 $
Level 2 -- Attendance: 1764 (35,28%) -- Ticket Income 352 800 $
Level 3 -- Attendance: 1070 (30,57%) -- Ticket Income 187 250 $
Level 4 -- Attendance: 681 (18,32%) -- Ticket Income 102 150 $
Luxury Box -- Attendance: 474 (47,40%) -- Ticket Income 189 600 $
Game was played at the United Center.
Total Attendance: 6676 (33,86%)
Total Ticket Income: 1 503 550 $
Other Income: 736 740 $
Total Income: 2 240 290 $

% Time on Ice - Blues

Lines # - Real PCT - Wanted PCT - Time Play
Normal Forward
1 - 32% - 36% - 15:55
2 - 32% - 33% - 15:44
3 - 22% - 25% - 11:00
4 - 13% - 6% - 6:31
Normal Defense
1 - 37% - 38% - 18:05
2 - 37% - 38% - 18:06
3 - 26% - 17% - 12:34
4 - 1% - 7% - 0:25
PP Forward
1 - 57% - 50% - 2:45
2 - 43% - 50% - 2:07
PP Defense
1 - 52% - 50% - 2:31
2 - 48% - 50% - 2:21
PK Forward
1 - 71% - 60% - 4:13
2 - 29% - 40% - 1:44
PK Defense
1 - 41% - 60% - 2:26
2 - 59% - 40% - 3:31
PK3 Forward
1 - 0% - 60%
2 - 0% - 40%
PK3 Defense
1 - 0% - 60%
2 - 0% - 40%
44 Forward
1 - 0% - 50%
2 - 0% - 50%
44 Defense
1 - 0% - 50%
2 - 0% - 50%
Last Minute Offensive  - 0:00
Last Minute Defensive  - 0:01
Total
Forward - 60:00
Defense - 60:00

% Time on Ice - BlackHawks

Lines # - Real PCT - Wanted PCT - Time Play
Normal Forward
1 - 29% - 40% - 14:26
2 - 32% - 30% - 15:34
3 - 29% - 20% - 14:22
4 - 10% - 10% - 4:48
Normal Defense
1 - 36% - 40% - 17:40
2 - 33% - 30% - 16:16
3 - 23% - 20% - 11:14
4 - 8% - 10% - 4:00
PP Forward
1 - 54% - 60% - 3:12
2 - 46% - 40% - 2:45
PP Defense
1 - 49% - 60% - 2:55
2 - 51% - 40% - 3:02
PK Forward
1 - 81% - 60% - 3:56
2 - 19% - 40% - 0:56
PK Defense
1 - 28% - 60% - 1:21
2 - 72% - 40% - 3:31
PK3 Forward
1 - 0% - 60%
2 - 0% - 40%
PK3 Defense
1 - 0% - 60%
2 - 0% - 40%
44 Forward
1 - 0% - 60%
2 - 0% - 40%
44 Defense
1 - 0% - 60%
2 - 0% - 40%
Last Minute Offensive  - 0:01
Last Minute Defensive  - 0:00
Total
Forward - 60:00
Defense - 60:00

Play-by-Play

1st period


0:01 of 1st period - Jack Eichel wins face-off versus Anze Kopitar in neutral zone.
0:26 of 1st period - Shot by Jaden Schwartz.
0:26 of 1st period - Shot Blocked by P.K. Subban.
0:47 of 1st period - Off-side.
0:48 of 1st period - Christian Dvorak wins face-off versus Jake Virtanen in neutral zone.
1:05 of 1st period - Shot by Johnny Gaudreau.
1:05 of 1st period - Shot Misses the Net.
1:07 of 1st period - Shot by Sean Couturier.
1:07 of 1st period - Shot Misses the Net.
1:09 of 1st period - Shot by Johnny Gaudreau.
1:09 of 1st period - Shot Blocked by Brandon Carlo.
2:01 of 1st period - Shot by Jordan Staal.
2:01 of 1st period - Shot Misses the Net.
2:03 of 1st period - Shot by Jordan Staal.
2:03 of 1st period - Shot Blocked by John Marino.
3:08 of 1st period - Jack Eichel is hit by Ben Hutton and loses puck.
4:25 of 1st period - Shot by Jake Virtanen.
4:25 of 1st period - Stopped by Carter Hart with a rebound.
4:31 of 1st period - Shot by John Marino.
4:31 of 1st period - Stopped by Carter Hart without a rebound.
4:32 of 1st period - Phillip Danault wins face-off versus Jordan Staal in Blues zone.
4:32 of 1st period - Phil Kessel is hit by Seth Jones and loses puck.
5:31 of 1st period - Minor Penalty to Anthony Mantha for Interference.
5:32 of 1st period - Sean Couturier wins face-off versus Anze Kopitar in Blues zone.
5:38 of 1st period - Icing by Jaden Schwartz.
5:39 of 1st period - Anze Kopitar wins face-off versus Jordan Staal in BlackHawks zone.
6:02 of 1st period - Shot by Justin Faulk.
6:02 of 1st period - Stopped by Carter Hart without a rebound.
6:03 of 1st period - Phil Kessel wins face-off versus Michael Chaput in Blues zone.
6:08 of 1st period - Shot by Phil Kessel.
6:08 of 1st period - Stopped by Carter Hart without a rebound.
6:09 of 1st period - Anze Kopitar wins face-off versus Sean Couturier in Blues zone.
6:10 of 1st period - Shot by Ryan Ellis.
6:10 of 1st period - Shot Blocked by Colin Miller.
6:14 of 1st period - Shot by Kyle Palmieri.
6:14 of 1st period - Shot Blocked by Dougie Hamilton.
6:42 of 1st period - Shot by Ryan Ellis.
6:42 of 1st period - Shot Misses the Net.
7:20 of 1st period - Shot by Phil Kessel.
7:20 of 1st period - Shot Misses the Net.
7:49 of 1st period - Shot by Mikko Rantanen.
7:49 of 1st period - Shot Misses the Net.
7:59 of 1st period - Shot by Scott Laughton.
7:59 of 1st period - Shot Hit the Post.
8:01 of 1st period - Shot by Curtis Lazar.
8:01 of 1st period - Deflect By Scott Laughton.
8:01 of 1st period - Stopped by Carter Hart without a rebound.
8:02 of 1st period - Jared McCann wins face-off versus Jordan Staal in Blues zone.
8:40 of 1st period - Icing by Seth Jones.
8:41 of 1st period - Jordan Staal wins face-off versus Phillip Danault in Blues zone.
8:46 of 1st period - Shot by Phil Kessel.
8:46 of 1st period - Shot Blocked by Seth Jones.
9:05 of 1st period - Icing by P.K. Subban.
9:06 of 1st period - Jordan Staal wins face-off versus Scott Laughton in Blues zone.
9:28 of 1st period - Shot by Lawson Crouse.
9:28 of 1st period - Stopped by Carter Hart without a rebound.
9:29 of 1st period - Jack Eichel wins face-off versus Anze Kopitar in Blues zone.
9:40 of 1st period - Icing by Anze Kopitar.
9:41 of 1st period - Anze Kopitar wins face-off versus Christian Dvorak in BlackHawks zone.
9:41 of 1st period - Anze Kopitar is hit by Sean Couturier.
9:49 of 1st period - Shot by Anze Kopitar.
9:49 of 1st period - Shot Blocked by Ryan Pulock.
10:02 of 1st period - Icing by Ryan Ellis.
10:03 of 1st period - Anze Kopitar wins face-off versus Jack Eichel in BlackHawks zone.
10:18 of 1st period - Shot by Jaden Schwartz.
10:18 of 1st period - Deflect By Anze Kopitar.
10:18 of 1st period - Stopped by Carter Hart with a rebound.
11:01 of 1st period - Off-side.
11:02 of 1st period - Johnny Gaudreau wins face-off versus Scott Laughton in neutral zone.
11:31 of 1st period - Shot by Dougie Hamilton.
11:31 of 1st period - Stopped by Jacob Markstrom with a rebound.
11:33 of 1st period - Shot by Sean Couturier.
11:33 of 1st period - Stopped by Jacob Markstrom without a rebound.
11:34 of 1st period - Phillip Danault wins face-off versus Andrew Copp in BlackHawks zone.
11:41 of 1st period - Shot by Phil Kessel.
11:41 of 1st period - Stopped by Carter Hart with a rebound.
12:07 of 1st period - Icing by P.K. Subban.
12:08 of 1st period - Anze Kopitar wins face-off versus Andrew Copp in Blues zone.
12:24 of 1st period - Off-side.
12:25 of 1st period - Scott Laughton wins face-off versus Christian Dvorak in neutral zone.
12:30 of 1st period - Shot by Scott Laughton.
12:30 of 1st period - Stopped by Carter Hart without a rebound.
12:31 of 1st period - Anze Kopitar wins face-off versus Christian Dvorak in Blues zone.
12:42 of 1st period - Shot by Christian Dvorak.
12:42 of 1st period - Deflect By Sean Couturier.
12:42 of 1st period - Stopped by Jacob Markstrom without a rebound.
12:43 of 1st period - Josh Bailey wins face-off versus Phillip Danault in BlackHawks zone.
12:48 of 1st period - Shot by Mikko Rantanen.
12:48 of 1st period - Shot Misses the Net.
12:54 of 1st period - Shot by Jack Eichel.
12:54 of 1st period - Shot Blocked by Justin Faulk.
12:58 of 1st period - Shot by Josh Bailey.
12:58 of 1st period - Shot Misses the Net.
13:00 of 1st period - Shot by Jack Eichel.
13:00 of 1st period - Deflect By Mikko Rantanen.
13:00 of 1st period - Shot Blocked by Jake Virtanen.
13:07 of 1st period - Shot by Josh Bailey.
13:07 of 1st period - Stopped by Jacob Markstrom without a rebound.
13:08 of 1st period - Anze Kopitar wins face-off versus Christian Dvorak in BlackHawks zone.
13:16 of 1st period - Johnny Gaudreau is hit by Erik Johnson.
13:43 of 1st period - Shot by Anze Kopitar.
13:43 of 1st period - Shot Misses the Net.
14:03 of 1st period - Shot by Lawson Crouse.
14:03 of 1st period - Shot Misses the Net.
15:09 of 1st period - Shot by Phil Kessel.
15:09 of 1st period - Stopped by Carter Hart with a rebound.
15:29 of 1st period - Phil Kessel is hit by Jack Eichel and loses puck.
15:54 of 1st period - Jaden Schwartz is hit by P.K. Subban and loses puck.
16:01 of 1st period - Shot by Jaden Schwartz.
16:01 of 1st period - Shot Misses the Net.
16:12 of 1st period - Shot by Kyle Palmieri.
16:12 of 1st period - Stopped by Carter Hart without a rebound.
16:13 of 1st period - Scott Laughton wins face-off versus Andrew Copp in Blues zone.
16:21 of 1st period - Curtis Lazar is hit by Seth Jones and loses puck.
16:27 of 1st period - Icing by P.K. Subban.
16:28 of 1st period - Andrew Copp wins face-off versus Jared McCann in Blues zone.
17:21 of 1st period - Minor Penalty to Brandon Carlo for Hooking.
17:22 of 1st period - Anze Kopitar wins face-off versus Sean Couturier in BlackHawks zone.
17:57 of 1st period - Shot by Sean Couturier.
17:57 of 1st period - Shot Blocked by Ryan Ellis.
18:08 of 1st period - Icing by Seth Jones.
18:09 of 1st period - Anze Kopitar wins face-off versus Jack Eichel in Blues zone.
18:13 of 1st period - Icing by Seth Jones.
18:14 of 1st period - Anze Kopitar wins face-off versus Jack Eichel in Blues zone.
18:38 of 1st period - Icing by Anthony Mantha.
18:39 of 1st period - Jack Eichel wins face-off versus Anze Kopitar in Blues zone.
19:02 of 1st period - Shot by Seth Jones.
19:02 of 1st period - Shot Misses the Net.
19:04 of 1st period - Shot by Seth Jones.
19:04 of 1st period - Stopped by Jacob Markstrom without a rebound.
19:05 of 1st period - Sean Couturier wins face-off versus Jaden Schwartz in BlackHawks zone.
19:53 of 1st period - Icing by Colin Miller.
19:54 of 1st period - Phillip Danault wins face-off versus Andrew Copp in Blues zone.
Goals for this period are 0 for Blues vs 0 for BlackHawks.
Shots for this period are 5 for Blues vs 11 for BlackHawks.

2nd period


0:01 of 2nd period - Anze Kopitar wins face-off versus Jack Eichel in neutral zone.
1:34 of 2nd period - Icing by Justin Faulk.
1:35 of 2nd period - Phillip Danault wins face-off versus Jordan Staal in BlackHawks zone.
1:35 of 2nd period - Phillip Danault is hit by Jordan Staal.
1:38 of 2nd period - Icing by Brandon Carlo.
1:39 of 2nd period - Jordan Staal wins face-off versus Phillip Danault in BlackHawks zone.
1:50 of 2nd period - Shot by Martin Necas.
1:50 of 2nd period - Shot Misses the Net.
1:56 of 2nd period - Shot by Jordan Staal.
1:56 of 2nd period - Stopped by Jacob Markstrom without a rebound.
1:57 of 2nd period - Anze Kopitar wins face-off versus Jack Eichel in BlackHawks zone.
2:17 of 2nd period - Shot by Jaden Schwartz.
2:17 of 2nd period - Shot Misses the Net.
2:25 of 2nd period - Shot by Jaden Schwartz.
2:25 of 2nd period - Deflect By Kyle Palmieri.
2:25 of 2nd period - Shot Misses the Net.
2:27 of 2nd period - Shot by Kyle Palmieri.
2:27 of 2nd period - Stopped by Carter Hart without a rebound.
2:28 of 2nd period - Scott Laughton wins face-off versus Johnny Gaudreau in Blues zone.
2:42 of 2nd period - Shot by Sean Couturier.
2:42 of 2nd period - Shot Blocked by Johnny Boychuk.
2:44 of 2nd period - Shot by Seth Jones.
2:44 of 2nd period - Shot Misses the Net.
2:52 of 2nd period - Shot by Christian Dvorak.
2:52 of 2nd period - Stopped by Jacob Markstrom without a rebound.
2:53 of 2nd period - Jordan Staal wins face-off versus Jared McCann in BlackHawks zone.
2:55 of 2nd period - Martin Necas is hit by Ryan Ellis and loses puck.
3:23 of 2nd period - Shot by Ryan Pulock.
3:23 of 2nd period - Shot Misses the Net.
3:25 of 2nd period - Shot by Anthony Mantha.
3:25 of 2nd period - Shot Misses the Net.
3:27 of 2nd period - Shot by Dougie Hamilton.
3:27 of 2nd period - Shot Blocked by Ryan Ellis.
3:54 of 2nd period - Shot by Jake Virtanen.
3:54 of 2nd period - Stopped by Carter Hart without a rebound.
3:55 of 2nd period - Christian Dvorak wins face-off versus Phillip Danault in Blues zone.
4:45 of 2nd period - Shot by John Marino.
4:45 of 2nd period - Shot Blocked by MacKenzie Weegar.
4:49 of 2nd period - Shot by Scott Laughton.
4:49 of 2nd period - Shot Misses the Net.
4:51 of 2nd period - Shot by Lawson Crouse.
4:51 of 2nd period - Shot Blocked by MacKenzie Weegar.
4:53 of 2nd period - Shot by John Marino.
4:53 of 2nd period - Shot Misses the Net.
5:28 of 2nd period - Colin Miller is hit by Lawson Crouse.
6:08 of 2nd period - Shot by Mikko Rantanen.
6:08 of 2nd period - Shot Misses the Net.
6:10 of 2nd period - Shot by Ryan Pulock.
6:10 of 2nd period - Shot Misses the Net.
6:12 of 2nd period - Shot by Ryan Pulock.
6:12 of 2nd period - Shot Blocked by Erik Johnson.
6:14 of 2nd period - Shot by Dougie Hamilton.
6:14 of 2nd period - Stopped by Jacob Markstrom without a rebound.
6:15 of 2nd period - Jordan Staal wins face-off versus Phillip Danault in BlackHawks zone.
7:19 of 2nd period - Icing by Seth Jones.
7:20 of 2nd period - Anze Kopitar wins face-off versus Jordan Staal in Blues zone.
7:27 of 2nd period - Kyle Palmieri is hit by Jordan Staal and loses puck.
8:55 of 2nd period - Shot by Michael Chaput.
8:55 of 2nd period - Shot Misses the Net.
8:58 of 2nd period - Icing by John Marino.
8:59 of 2nd period - Scott Laughton wins face-off versus Christian Dvorak in BlackHawks zone.
9:32 of 2nd period - Shot by Phil Kessel.
9:32 of 2nd period - Shot Misses the Net.
10:20 of 2nd period - Anthony Mantha is hit by Phillip Danault and loses puck.
11:02 of 2nd period - Shot by Jack Eichel.
11:02 of 2nd period - Shot Misses the Net.
11:04 of 2nd period - Shot by MacKenzie Weegar.
11:04 of 2nd period - Deflect By Mikko Rantanen.
11:04 of 2nd period - Stopped by Jacob Markstrom without a rebound.
11:05 of 2nd period - Jared McCann wins face-off versus Christian Dvorak in BlackHawks zone.
11:18 of 2nd period - Shot by Johnny Gaudreau.
11:18 of 2nd period - Goal by Johnny Gaudreau - Blues : 1 - BlackHawks : 0.
11:19 of 2nd period - Scott Laughton wins face-off versus Andrew Copp in neutral zone.
12:04 of 2nd period - Icing by Scott Laughton.
12:05 of 2nd period - Scott Laughton wins face-off versus Jack Eichel in BlackHawks zone.
12:39 of 2nd period - Shot by Anze Kopitar.
12:39 of 2nd period - Stopped by Carter Hart without a rebound.
12:40 of 2nd period - Phillip Danault wins face-off versus Christian Dvorak in Blues zone.
12:41 of 2nd period - Shot by John Marino.
12:41 of 2nd period - Stopped by Carter Hart without a rebound.
12:42 of 2nd period - Christian Dvorak wins face-off versus Phillip Danault in Blues zone.
12:51 of 2nd period - Shot by Sean Couturier.
12:51 of 2nd period - Shot Misses the Net.
12:56 of 2nd period - Sean Couturier is hit by Johnny Boychuk and loses puck.
13:22 of 2nd period - Icing by Ryan Pulock.
13:23 of 2nd period - Christian Dvorak wins face-off versus Anze Kopitar in Blues zone.
13:23 of 2nd period - Christian Dvorak is hit by Kyle Palmieri.
13:26 of 2nd period - Icing by Sean Couturier.
13:27 of 2nd period - Christian Dvorak wins face-off versus Anze Kopitar in Blues zone.
13:49 of 2nd period - Minor Penalty to Jack Eichel for Goalie Interference.
13:50 of 2nd period - Jordan Staal wins face-off versus Phillip Danault in Blues zone.
13:50 of 2nd period - Jordan Staal is hit by Phillip Danault.
14:14 of 2nd period - Shot by Justin Faulk.
14:14 of 2nd period - Stopped by Carter Hart without a rebound.
14:15 of 2nd period - Jordan Staal wins face-off versus Anze Kopitar in Blues zone.
14:38 of 2nd period - Shot by Ryan Ellis.
14:38 of 2nd period - Shot Blocked by Dougie Hamilton.
14:40 of 2nd period - Shot by Ryan Ellis.
14:40 of 2nd period - Stopped by Carter Hart without a rebound.
14:41 of 2nd period - Phillip Danault wins face-off versus Jordan Staal in Blues zone.
15:42 of 2nd period - Icing by Erik Johnson.
15:43 of 2nd period - Anze Kopitar wins face-off versus Jordan Staal in BlackHawks zone.
15:56 of 2nd period - Icing by Ryan Pulock.
15:57 of 2nd period - Jack Eichel wins face-off versus Anze Kopitar in Blues zone.
15:57 of 2nd period - Jack Eichel is hit by Anze Kopitar.
16:15 of 2nd period - Shot by Mikko Rantanen.
16:15 of 2nd period - Shot Misses the Net.
16:17 of 2nd period - Shot by Ryan Pulock.
16:17 of 2nd period - Shot Misses the Net.
16:21 of 2nd period - Shot by Jack Eichel.
16:21 of 2nd period - Deflect By Mikko Rantanen.
16:21 of 2nd period - Shot Misses the Net.
17:18 of 2nd period - Shot by Scott Laughton.
17:18 of 2nd period - Deflect By Curtis Lazar.
17:18 of 2nd period - Shot Misses the Net.
17:30 of 2nd period - Shot by Scott Laughton.
17:30 of 2nd period - Stopped by Carter Hart with a rebound.
17:32 of 2nd period - Shot by Lawson Crouse.
17:32 of 2nd period - Shot Misses the Net.
17:56 of 2nd period - Phillip Danault is hit by P.K. Subban and loses puck.
18:07 of 2nd period - Shot by Phillip Danault.
18:07 of 2nd period - Shot Misses the Net.
18:22 of 2nd period - Icing by Seth Jones.
18:23 of 2nd period - Christian Dvorak wins face-off versus Jared McCann in Blues zone.
18:57 of 2nd period - Minor Penalty to Dougie Hamilton for Elbowing.
18:58 of 2nd period - Anze Kopitar wins face-off versus Jordan Staal in Blues zone.
19:13 of 2nd period - Shot by Justin Faulk.
19:13 of 2nd period - Shot Misses the Net.
19:19 of 2nd period - Shot by Kyle Palmieri.
19:19 of 2nd period - Shot Misses the Net.
19:21 of 2nd period - Shot by Anze Kopitar.
19:21 of 2nd period - Stopped by Carter Hart without a rebound.
19:22 of 2nd period - Phillip Danault wins face-off versus Jordan Staal in Blues zone.
19:31 of 2nd period - Shot by Phillip Danault.
19:31 of 2nd period - Stopped by Carter Hart without a rebound.
19:32 of 2nd period - Phillip Danault wins face-off versus Jordan Staal in Blues zone.
19:35 of 2nd period - Shot by Justin Faulk.
19:35 of 2nd period - Shot Misses the Net.
19:37 of 2nd period - Shot by Brandon Carlo.
19:37 of 2nd period - Deflect By Phil Kessel.
19:37 of 2nd period - Stopped by Carter Hart without a rebound.
19:38 of 2nd period - Phillip Danault wins face-off versus Jordan Staal in Blues zone.
19:59 of 2nd period - Shot by Ryan Ellis.
19:59 of 2nd period - Shot Blocked by Colin Miller.
Goals for this period are 1 for Blues vs 0 for BlackHawks.
Shots for this period are 5 for Blues vs 10 for BlackHawks.

3rd period


0:01 of 3rd period - Jordan Staal wins face-off versus Anze Kopitar in neutral zone.
0:12 of 3rd period - Andrew Copp is hit by Jaden Schwartz and loses puck.
0:21 of 3rd period - Shot by Erik Johnson.
0:21 of 3rd period - Shot Misses the Net.
0:23 of 3rd period - Shot by Ryan Ellis.
0:23 of 3rd period - Stopped by Carter Hart with a rebound.
1:02 of 3rd period - Off-side.
1:03 of 3rd period - Scott Laughton wins face-off versus Jack Eichel in neutral zone.
1:12 of 3rd period - Scott Laughton is hit by Mikko Rantanen and loses puck.
1:30 of 3rd period - Mikko Rantanen is hit by Brandon Carlo and loses puck.
1:39 of 3rd period - Shot by Jack Eichel.
1:39 of 3rd period - Shot Blocked by Justin Faulk.
2:18 of 3rd period - Ryan Ellis is hit by Jordan Staal and loses puck.
2:35 of 3rd period - Shot by Phillip Danault.
2:35 of 3rd period - Shot Blocked by Colin Miller.
2:37 of 3rd period - Shot by Phillip Danault.
2:37 of 3rd period - Stopped by Carter Hart without a rebound.
2:38 of 3rd period - Christian Dvorak wins face-off versus Anze Kopitar in Blues zone.
3:11 of 3rd period - Shot by Sean Couturier.
3:11 of 3rd period - Shot Misses the Net.
3:43 of 3rd period - Erik Johnson is hit by Michael Chaput and loses puck.
4:28 of 3rd period - Shot by Josh Bailey.
4:28 of 3rd period - Shot Blocked by Justin Faulk.
5:06 of 3rd period - Shot by Seth Jones.
5:06 of 3rd period - Shot Misses the Net.
5:08 of 3rd period - Shot by Martin Necas.
5:08 of 3rd period - Deflect By Anthony Mantha.
5:08 of 3rd period - Shot Misses the Net.
6:23 of 3rd period - Icing by Ryan Ellis.
6:24 of 3rd period - Anze Kopitar wins face-off versus Jack Eichel in BlackHawks zone.
6:33 of 3rd period - Shot by Anze Kopitar.
6:33 of 3rd period - Stopped by Carter Hart without a rebound.
6:34 of 3rd period - Jack Eichel wins face-off versus Phillip Danault in Blues zone.
6:34 of 3rd period - Jack Eichel is hit by Phil Kessel.
6:37 of 3rd period - Josh Bailey is hit by Phillip Danault.
6:41 of 3rd period - Shot by Jack Eichel.
6:41 of 3rd period - Stopped by Jacob Markstrom without a rebound.
6:42 of 3rd period - Phillip Danault wins face-off versus Jordan Staal in BlackHawks zone.
7:37 of 3rd period - Shot by Jack Eichel.
7:37 of 3rd period - Deflect By Mikko Rantanen.
7:37 of 3rd period - Stopped by Jacob Markstrom without a rebound.
7:38 of 3rd period - Anze Kopitar wins face-off versus Christian Dvorak in BlackHawks zone.
7:38 of 3rd period - Anze Kopitar is hit by Christian Dvorak.
7:52 of 3rd period - Shot by Kyle Palmieri.
7:52 of 3rd period - Shot Misses the Net.
8:00 of 3rd period - Shot by Jaden Schwartz.
8:00 of 3rd period - Shot Misses the Net.
8:02 of 3rd period - Shot by Jaden Schwartz.
8:02 of 3rd period - Stopped by Carter Hart with a rebound.
8:04 of 3rd period - Shot by John Marino.
8:04 of 3rd period - Shot Blocked by MacKenzie Weegar.
8:10 of 3rd period - Shot by Kyle Palmieri.
8:10 of 3rd period - Stopped by Carter Hart without a rebound.
8:11 of 3rd period - Jack Eichel wins face-off versus Curtis Lazar in Blues zone.
8:31 of 3rd period - Icing by Ryan Pulock.
8:32 of 3rd period - Jared McCann wins face-off versus Josh Bailey in Blues zone.
8:49 of 3rd period - Shot by Mikko Rantanen.
8:49 of 3rd period - Deflect By Jack Eichel.
8:49 of 3rd period - Stopped by Jacob Markstrom without a rebound.
8:50 of 3rd period - Jordan Staal wins face-off versus Phillip Danault in BlackHawks zone.
9:05 of 3rd period - Shot by Phillip Danault.
9:05 of 3rd period - Deflect By Phil Kessel.
9:05 of 3rd period - Shot Misses the Net.
9:43 of 3rd period - Shot by Anze Kopitar.
9:43 of 3rd period - Stopped by Carter Hart with a rebound.
9:48 of 3rd period - Off-side.
9:49 of 3rd period - Jack Eichel wins face-off versus Scott Laughton in neutral zone.
9:54 of 3rd period - Shot by Jack Eichel.
9:54 of 3rd period - Shot Misses the Net.
10:01 of 3rd period - Jack Eichel is hit by Johnny Boychuk and loses puck.
10:07 of 3rd period - Off-side.
10:08 of 3rd period - Christian Dvorak wins face-off versus Anze Kopitar in neutral zone.
10:08 of 3rd period - Johnny Gaudreau is hit by Kyle Palmieri and loses puck.
10:12 of 3rd period - Off-side.
10:13 of 3rd period - Anze Kopitar wins face-off versus Jack Eichel in neutral zone.
10:18 of 3rd period - Ryan Pulock is hit by Anze Kopitar and loses puck.
10:25 of 3rd period - Shot by Kyle Palmieri.
10:25 of 3rd period - Shot Misses the Net.
10:27 of 3rd period - Shot by Anze Kopitar.
10:27 of 3rd period - Shot Blocked by Ryan Pulock.
10:33 of 3rd period - Shot by Kyle Palmieri.
10:33 of 3rd period - Shot Blocked by Dougie Hamilton.
10:41 of 3rd period - Shot by Jaden Schwartz.
10:41 of 3rd period - Stopped by Carter Hart without a rebound.
10:42 of 3rd period - Christian Dvorak wins face-off versus Phillip Danault in Blues zone.
10:42 of 3rd period - Seth Jones is hit by Phillip Danault and loses puck.
11:07 of 3rd period - Shot by Jake Virtanen.
11:07 of 3rd period - Shot Misses the Net.
11:09 of 3rd period - Shot by Justin Faulk.
11:09 of 3rd period - Shot Misses the Net.
11:11 of 3rd period - Shot by Jake Virtanen.
11:11 of 3rd period - Stopped by Carter Hart with a rebound.
11:13 of 3rd period - Shot by Phillip Danault.
11:13 of 3rd period - Goal by Phillip Danault - Blues : 1 - BlackHawks : 1.
11:14 of 3rd period - Josh Bailey wins face-off versus Anze Kopitar in neutral zone.
12:11 of 3rd period - Shot by Curtis Lazar.
12:11 of 3rd period - Shot Misses the Net.
13:04 of 3rd period - Shot by Phillip Danault.
13:04 of 3rd period - Shot Misses the Net.
13:06 of 3rd period - Shot by Phillip Danault.
13:06 of 3rd period - Stopped by Carter Hart without a rebound.
13:07 of 3rd period - Jordan Staal wins face-off versus Phillip Danault in Blues zone.
13:21 of 3rd period - Shot by Martin Necas.
13:21 of 3rd period - Shot Misses the Net.
13:31 of 3rd period - Shot by Anthony Mantha.
13:31 of 3rd period - Stopped by Jacob Markstrom without a rebound.
13:32 of 3rd period - Andrew Copp wins face-off versus Anze Kopitar in BlackHawks zone.
14:33 of 3rd period - Shot by Colin Miller.
14:33 of 3rd period - Deflect By Sean Couturier.
14:33 of 3rd period - Shot Misses the Net.
14:44 of 3rd period - Shot by Jake Virtanen.
14:44 of 3rd period - Shot Misses the Net.
14:46 of 3rd period - Shot by Phillip Danault.
14:46 of 3rd period - Shot Misses the Net.
15:06 of 3rd period - Icing by Colin Miller.
15:07 of 3rd period - Johnny Gaudreau wins face-off versus Scott Laughton in Blues zone.
15:07 of 3rd period - Johnny Gaudreau is hit by Lawson Crouse.
15:08 of 3rd period - Minor Penalty to Lawson Crouse for Hooking.
15:09 of 3rd period - Anze Kopitar wins face-off versus Jack Eichel in BlackHawks zone.
15:34 of 3rd period - Shot by Ryan Pulock.
15:34 of 3rd period - Shot Blocked by Brandon Carlo.
15:36 of 3rd period - Shot by Ryan Pulock.
15:36 of 3rd period - Shot Blocked by Brandon Carlo.
15:38 of 3rd period - Shot by Dougie Hamilton.
15:38 of 3rd period - Stopped by Jacob Markstrom without a rebound.
15:39 of 3rd period - Sean Couturier wins face-off versus Phillip Danault in BlackHawks zone.
15:44 of 3rd period - Shot by Josh Bailey.
15:44 of 3rd period - Stopped by Jacob Markstrom without a rebound.
15:45 of 3rd period - Jack Eichel wins face-off versus Anze Kopitar in BlackHawks zone.
15:56 of 3rd period - Shot by Jack Eichel.
15:56 of 3rd period - Shot Misses the Net.
15:58 of 3rd period - Shot by Christian Dvorak.
15:58 of 3rd period - Shot Misses the Net.
16:00 of 3rd period - Shot by Jack Eichel.
16:00 of 3rd period - Shot Misses the Net.
16:02 of 3rd period - Shot by Seth Jones.
16:02 of 3rd period - Goal by Seth Jones - Blues : 2 - BlackHawks : 1.
16:03 of 3rd period - Andrew Copp wins face-off versus Scott Laughton in neutral zone.
16:58 of 3rd period - Ryan Ellis is hit by P.K. Subban and loses puck.
17:42 of 3rd period - Erik Johnson is hit by Anthony Mantha.
17:59 of 3rd period - Minor Penalty to Brandon Carlo for Tripping.
18:00 of 3rd period - Anze Kopitar wins face-off versus Sean Couturier in BlackHawks zone.
18:25 of 3rd period - Justin Faulk is hit by Sean Couturier and loses puck.
19:44 of 3rd period - Shot by Dougie Hamilton.
19:44 of 3rd period - Shot Blocked by Phillip Danault.
19:46 of 3rd period - Shot by Sean Couturier.
19:46 of 3rd period - Deflect By Andrew Copp.
19:46 of 3rd period - Shot Misses the Net.
19:52 of 3rd period - Shot by Johnny Gaudreau.
19:52 of 3rd period - Shot Misses the Net.
19:54 of 3rd period - Shot by Ryan Pulock.
19:54 of 3rd period - Shot Blocked by Ben Hutton.
Goals for this period are 1 for Blues vs 1 for BlackHawks.
Shots for this period are 7 for Blues vs 10 for BlackHawks.